 Dungeon Crawl Stone Soup version 0.18.1-48-g4cf74bf (webtiles) character file.

14530 tobi the Carver (level 12, -18/107 HPs)
             Began as a Hill Orc Fighter on Sept 9, 2016.
             Was an Elder of the Shining One.
             Killed from afar by a fire dragon (30 damage)
             ... with a blast of flame
             ... on level 2 of the Lair of Beasts.
             The game lasted 01:08:55 (12442 turns).

tobi the Carver (Hill Orc Fighter)                 Turns: 12442, Time: 01:08:56

Health: -18/107    AC: 15    Str: 24    XL:     12   Next: 17%
Magic:  12/12      EV: 13    Int: 12    God:    the Shining One [****..]
Gold:   346        SH: 12    Dex: 10    Spells: 0 memorised, 11 levels left

rFire  . . .     SeeInvis .     R - +0 mace (holy)
rCold  . . .     Gourm    .     P - +4 ring mail {rPois}
rNeg   + + .     Faith    .     c - +0 shield
rPois  +         Spirit   .     G - +1 hat {MR+}
rElec  .         Dismiss  .     l - +0 cloak
rCorr  .         Reflect  .     T - +1 pair of gloves {archery}
SustAt .         Harm     .     (no boots)
MR     +....                    (no amulet)
Stlth  +.........               (no ring)
                                w - +4 ring of intelligence

@: about to teleport, glowing, somewhat resistant to hostile enchantments, very
unstealthy
A: no device heal 1
a: Divine Shield, Cleansing Flame, Renounce Religion


You were on level 2 of the Lair of Beasts.
You worshipped the Shining One.
The Shining One was greatly pleased with you.
You were not hungry.

You visited 3 branches of the dungeon, and saw 13 of its levels.

You collected 481 gold pieces.
You spent 135 gold pieces at shops.

Inventory:

Hand Weapons
 a - a +4 hunting sling of flaming
 k - a +1 scimitar of freezing
 u - a +0 quarterstaff of freezing
 D - a +1 falchion of slicing
 R - a +0 mace of holy wrath (weapon)
Missiles
 h - 312 stones
 O - 10 tomahawks
 Q - 2 javelins (quivered)
Armour
 c - a +0 shield (worn)
 l - a +0 cloak (worn)
 v - a +2 helmet
 y - a +1 robe of cold resistance
 G - a +1 hat of magic resistance (worn)
 P - a +4 ring mail of poison resistance (worn)
 T - a +1 pair of gloves of archery (worn)
Magical Staves
 B - an uncursed staff of fire {unknown}
Jewellery
 p - an uncursed ring of ice
 w - a +4 ring of intelligence (left hand)
Wands
 b - a wand of polymorph (13/24)
 m - a wand of iceblast (0/15)
 z - a wand of digging (12/24)
 S - a wand of flame (11/48)
 U - a wand of slowing (13/48)
 X - a wand of teleportation (0/9)
Scrolls
 i - a scroll of enchant armour
 o - a scroll of enchant weapon
 q - 5 scrolls of remove curse
 x - 3 scrolls of teleportation
 E - a scroll of amnesia
 I - a scroll of recharging
Potions
 d - 2 potions of might
 e - 2 potions of berserk rage
 g - 2 potions of heal wounds {unknown}
 r - 2 potions of curing
 t - a potion of degeneration {unknown}
 C - a potion of haste
Books
 H - a book of Summonings

   Spells                             Type                      Level
   a - Recall                         Summoning/Translocation      3
   b - Aura of Abjuration             Summoning                    5
   c - Summon Demon                   Summoning                    5
   d - Summon Forest                  Summoning/Translocation      5
   e - Summon Mana Viper              Hexes/Summoning              5
   f - Shadow Creatures               Summoning                    6
Comestibles
 f - 5 bread rations
 j - a meat ration
 n - 18 fruits
 s - 2 slices of pizza
 A - a beef jerky
 F - a royal jelly


   Skills:
 + Level 10.4 Fighting
 + Level 11.0 Long Blades
 + Level 1.0 Maces & Flails
 + Level 0.6(1.4) Slings
 + Level 2.0(2.1) Throwing
 + Level 8.6 Armour
 + Level 7.3 Dodging
 + Level 1.0 Stealth
 + Level 9.8 Shields
 + Level 0.8 Evocations


You had 11 spell levels left.
You didn't know any spells.

Dungeon Overview and Level Annotations

Branches:
Dungeon (9/15)             Temple (1/1) D:6            Lair (3/8) D:8
  Swamp: Lair:3-6    Shoals: Lair:3-6     Snake: Lair:3-6    Spider: Lair:3-6
    Orc: D:9-12

Altars:
Ashenzari
Cheibriados
Dithmenos
Elyvilon
Fedhas
Gozag
Kikubaaqudgha
Makhleb
Nemelex Xobeh
Okawaru
Pakellas
Qazlal
Ru
Sif Muna
Trog
Vehumet
Xom
Yredelemnul
Zin
The Shining One

Shops:
D:4 [   D:5 [*?}:


Innate Abilities, Weirdness & Mutations

Potions and wands are less effective at restoring your health.


Message History

* * * LOW HITPOINT WARNING * * *
You hold your ground!
The wolf bites you but does no damage.
You hit the fire dragon.
The fire dragon is lightly wounded.
You block the wolf's attack.
The fire dragon bites you but does no damage.
The fire dragon claws you but does no damage.
The fire dragon tramples you but does no damage.
The wolf bites you.
* * * LOW HITPOINT WARNING * * *
The fire dragon closely misses you. The fire dragon claws you.
* * * LOW HITPOINT WARNING * * *
The fire dragon tramples you!
* * * LOW HITPOINT WARNING * * *
You hold your ground!
As you read the scroll of teleportation, it crumbles to dust.
You feel strangely unstable. The fire dragon breathes flames at you.
The blast of flame hits you!
You die...

...##########.##
###############
...##.#.#####.#
........##....#
........##.#### ≈≈
#P......##.## ######≈≈
P.......##..#
####...≈≈≈≈
P..#...P###.######
##.......≈≈≈ ..#....##
#[.....#####........≈≈≈
....#.##
######@..Dh........≈≈≈≈
..#.###
#####.........≈≈≈≈
.#.## ###......≈≈;..
..## ##....≈≈≈... ###
###..≈≈≈≈.. ####≈≈≈##
####


You could see a fire dragon and a wolf.

Vanquished Creatures
  Gastronok (Lair:2)
  Fannar (Lair:1)
  A black mamba (Lair:2)
  3 spiny frogs
  A rime drake (Lair:1)
  2 komodo dragons
  A troll (D:8)
  9 blink frogs (Lair:1)
  A wyvern (D:8)
  3 hippogriffs
  8 water moccasins
  14 porcupines
  2 sky beasts
  A black bear (D:7)
  4 orc warriors
  3 ogres
  9 wolves
  The ghost of TenguReborn the Slasher, an amateur TeBe of Trog (D:3)
  7 crocodiles
  8 big kobolds
  8 giant frogs
  3 scorpions
  6 wights
  3 howler monkeys
  5 crimson imps
  A giant frog zombie (D:5)
  2 hounds
  A quasit (D:6)
  A jelly (D:7)
  2 giant frog skeletons (D:5)
  8 orc wizards
  A gnoll shaman (D:6)
  2 orc priests
  Crazy Yiuf (D:7)
  A centaur skeleton (D:4)
  7 iguanas
  9 worker ants
  9 sheep (Lair:2)
  A hound zombie (D:6)
  5 gnolls (D:6)
  16 adders
  22 river rats
  2 shadow imps
  An adder zombie (D:6)
  2 adder skeletons (D:6)
  2 worms
  6 dart slugs
  3 giant geckos
  35 orcs
  7 bats
  4 giant cockroaches
  13 goblins
  10 hobgoblins
  3 jackals (D:1)
  3 quokkas
  3 ball pythons
  4 giant newts
  A jackal zombie (D:5)
  20 kobolds
  10 rats
  A bush (Lair:1)
  9 fungi
  3 plants
336 creatures vanquished.

Vanquished Creatures (others)
  A quokka (D:7)
  A bush (Lair:1)
  3 fungi
  2 plants
7 creatures vanquished.

Grand Total: 343 creatures vanquished

Notes
Turn   | Place    | Note
--------------------------------------------------------------
     0 | D:1      | tobi the Hill Orc Fighter began the quest for the Orb.
     0 | D:1      | Reached XP level 1. HP: 19/19 MP: 1/1
   100 | D:1      | Reached XP level 2. HP: 16/27 MP: 2/2
   150 | D:2      | Found a shadowy altar of Dithmenos.
   210 | D:2      | Reached XP level 3. HP: 29/33 MP: 3/3
   472 | D:2      | Reached XP level 4. HP: 40/40 MP: 4/4
   623 | D:1      | Reached skill level 1 in Dodging
  1333 | D:2      | Reached skill level 3 in Long Blades
  1333 | D:2      | Reached XP level 5. HP: 46/47 MP: 5/5
  1412 | D:2      | Found a sparkling altar of Nemelex Xobeh.
  1675 | D:3      | Noticed TenguReborn's ghost (amateur TeBe)
  1701 | D:3      | Killed TenguReborn's ghost
  1870 | D:3      | Reached skill level 5 in Fighting
  1870 | D:3      | Reached XP level 6. HP: 44/56 MP: 6/6
  2236 | D:3      | Found a faded altar to an unknown god.
  2338 | D:3      | Became a worshipper of the Shining One
  2338 | D:3      | Reached * piety under the Shining One
  2668 | D:5      | Entered Level 5 of the Dungeon
  2669 | D:5      | Found Cuiwnap's Magic Scroll Shoppe.
  2684 | D:5      | Got a distressingly furry chain mail
  2689 | D:5      | Bought a scroll of fog for 20 gold pieces
  2689 | D:5      | Bought a scroll of fear for 35 gold pieces
  2689 | D:5      | Bought a scroll of identify for 20 gold pieces
  2694 | D:5      | Bought a scroll of identify for 20 gold pieces
  2694 | D:5      | Bought a scroll of identify for 20 gold pieces
  2694 | D:5      | Bought a scroll of identify for 20 gold pieces
  2709 | D:5      | Found Qutwog's Gadget Shoppe.
  2762 | D:5      | Found Fegips's Book Boutique.
  2849 | D:4      | Found a snail-covered altar of Cheibriados.
  2921 | D:4      | Reached XP level 7. HP: 51/61 MP: 7/7
  2976 | D:4      | Found Kierr's Armour Emporium.
  2997 | D:5      | Reached skill level 4 in Long Blades
  3059 | D:4      | Reached skill level 5 in Shields
  3568 | D:5      | Found Dumel's Antique Armour Shop.
  3582 | D:5      | Reached ** piety under the Shining One
  3646 | D:5      | Reached skill level 5 in Armour
  3683 | D:5      | Found Kanaph's General Store.
  3738 | D:5      | Identified the cursed +0 chain mail "Cyrphytuis" {rF+ Str+2 Dex+6} (You found it on level 5 of the Dungeon)
  3990 | D:6      | Reached skill level 5 in Long Blades
  4002 | D:6      | Reached XP level 8. HP: 70/70 MP: 8/8
  4284 | D:6      | Reached skill level 6 in Long Blades
  4420 | D:6      | Reached skill level 1 in Throwing
  4441 | D:6      | Got a distressingly furry scale mail
  4456 | D:6      | Identified the +3 scale mail "Jiobyi" {*Contam rC+ rN++} (You found it on level 6 of the Dungeon)
  4585 | D:6      | Found a staircase to the Ecumenical Temple.
  4591 | Temple   | Entered the Ecumenical Temple
  4879 | D:6      | Found an iron altar of Okawaru.
  5012 | D:6      | Reached *** piety under the Shining One
  5073 | D:6      | Found a bloodstained altar of Trog.
  5126 | D:7      | Reached XP level 9. HP: 78/78 MP: 9/9
  5188 | D:7      | Reached skill level 7 in Long Blades
  5284 | D:7      | Found a white marble altar of Elyvilon.
  6109 | D:7      | Noticed Crazy Yiuf
  6113 | D:7      | Killed Crazy Yiuf
  6356 | D:8      | Found a staircase to the Lair.
  6421 | D:8      | Reached skill level 8 in Long Blades
  6426 | D:8      | Reached XP level 10. HP: 64/88 MP: 10/10
  6475 | D:8      | Identified a scroll of acquirement
  6481 | D:8      | Found an opulent altar of Gozag.
  6644 | D:8      | Found a deep blue altar of Sif Muna.
  6654 | D:8      | Found a glowing silver altar of Zin.
  6692 | D:9      | Found a blossoming altar of Fedhas.
  7298 | D:6      | Gained mutation: Potions and wands are less effective at restoring your health. [mutagenic glow]
  7406 | Lair:1   | Entered Level 1 of the Lair of Beasts
  7424 | Lair:1   | Reached skill level 5 in Dodging
  7435 | Lair:1   | Reached skill level 9 in Long Blades
  8031 | Lair:1   | Reached XP level 11. HP: 71/97 MP: 11/11
  8059 | Lair:1   | Reached **** piety under the Shining One
  8063 | Lair:1   | Reached skill level 1 in Stealth
  8457 | Lair:1   | Reached skill level 10 in Long Blades
  8709 | Lair:1   | Noticed a five-headed hydra
  9735 | Lair:1   | Noticed Fannar
  9799 | Lair:1   | Killed Fannar
 10044 | Lair:2   | Reached skill level 1 in Maces & Flails
 10483 | Lair:2   | Reached skill level 10 in Fighting
 10933 | Lair:2   | Noticed Gastronok
 10954 | Lair:2   | Killed Gastronok
 10954 | Lair:2   | Reached XP level 12. HP: 58/106 MP: 12/12
 11155 | Lair:2   | Reached skill level 11 in Long Blades
 11476 | Lair:2   | Noticed a seven-headed hydra
 11981 | Lair:2   | Noticed a fire dragon
 12000 | Lair:2   | The Shining One protects you from harm!
 12442 | Lair:2   | Killed from afar by a fire dragon

Skill      XL: |  1  2  3  4  5  6  7  8  9 10 11 12 |
---------------+-------------------------------------+-----
Fighting       | 4 5 6 7 9 10 | 10.4
Dodging        | 1 2 3 4 5 7 |  7.3
Armour         | 4 5 6 7 8 |  8.6
Long Blades    | 3 5 6 8 9 10 11 | 11.0
Shields        | 4 5 6 7 8 9 |  9.8
Throwing       | 1 2 |  2.0
Stealth        | 1 |  1.0
Maces & Flails | 1 |  1.0
Slings         | |  0.6
Evocations     | |  0.8

Action                   |  1- 3 |  4- 6 |  7- 9 | 10-12 || total
-------------------------+-------+-------+-------+-------++-------
Melee: Long sword        |    87 |   291 |   205 |       ||   583
       Scimitar          |       |       |   174 |   518 ||   692
       Mace              |       |       |       |    60 ||    60
 Fire: Hunting sling     |       |       |       |     3 ||     3
Throw: Javelin           |       |       |    10 |    14 ||    24
       Stone             |       |       |     3 |     9 ||    12
Evoke: Wand              |       |       |       |    11 ||    11
  Use: Scroll            |       |     9 |     5 |    10 ||    24
       Potion            |       |       |       |     1 ||     1
  Eat: Chunk             |       |     6 |     3 |     1 ||    10
       Bread ration      |       |     1 |     1 |       ||     2
       Pizza             |       |       |     1 |       ||     1
       Meat ration       |       |       |       |     4 ||     4
Armor: Scale mail        |    27 |       |    83 |    31 ||   141
       Chain mail        |    16 |   127 |    38 |       ||   181
       Ring mail         |       |       |    20 |   220 ||   240
Dodge: Dodged            |    15 |    59 |    93 |   240 ||   407
Block: Shield            |    37 |   146 |   193 |   359 ||   735
